AoeStats
← LeginExelents

Lombardia

509467125Analyzed
3v3 RM · 5d ago on Sep 26, 2026· 54m 17s· 6 players
Game mode
Random Map
Map size
Normal (6 player)
Population
200
Speed
Normal
Resources
Standard
Victory
Conquest
Starting age
Dark Age
Ending age
Imperial Age
RankedLock teamsTeams togetherTeam positionsShared explorationLock speedFull tech treeHidden civsTurbo modeCheats
Victory
Defeat
🇦🇲 Italians · Armenia
860
+10
🇩🇪 Spanish · Germany
772
+13
🇷🇺 Mongols · Russia
757
+13
🇧🇷 Malians · Brazil
744
-13
🇺🇸 Varangians · United States
708
-12
🇹🇷 Mongols · Türkiye
693
-11
A Delicious Pot Roast
12:51 Feudal Age
17:32 Castle Age
19:35 Stone Mining
23:04 Stone Shaft Mining
27:05 Wheelbarrow
29:20 Hand Cart
29:28 Hand Cart
29:10 Gold Mining
30:04 Scale Barding Armor
31:12 Double-Bit Axe
32:53 Chain Barding Armor
32:30 Horse Collar
33:44 Forging
35:46 Iron Casting
37:51 Imperial Age
35:45 Bow Saw
35:42 Heavy Plow
39:21 Conscription
38:35 Elite Jarl
40:41 Plate Barding Armor
42:10 Blast Furnace
46:19 Two-Man Saw
45:26 Caravan
47:58 Husbandry
48:11 Bloodlines
Tompzera
oguayd
12:38 Feudal Age
10:54 Loom
14:04 Wheelbarrow
15:20 Double-Bit Axe
15:28 Gold Mining
15:29 Stone Mining
20:42 Horse Collar
25:07 Castle Age
24:24 Bloodlines
24:05 Arson
26:25 Hand Cart
28:23 Heavy Plow
29:15 Bow Saw
31:27 Gold Shaft Mining
31:46 Stone Shaft Mining
33:59 Scale Barding Armor
33:54 Scale Mail Armor
33:55 Padded Archer Armor
33:46 Fletching
34:06 Forging
36:23 Caravan
36:54 Coinage
39:37 Imperial Age
43:04 Drill
43:05 Conscription
42:16 Sappers
42:46 Nomads
43:22 Hoardings
42:08 Elite Mangudai
45:56 Chemistry
45:33 Banking
LeginExelents
4:21 Loom
10:41 Feudal Age
18:36 Castle Age
16:51 Horse Collar
17:15 Double-Bit Axe
25:18 Scale Barding Armor
27:12 Husbandry
29:04 Wheelbarrow
32:27 Bloodlines
37:11 Imperial Age
35:42 Chain Barding Armor
35:24 Padded Archer Armor
35:14 Fletching
36:39 Light Cavalry
38:07 Coinage
37:30 Cavalier
38:35 Conscription
38:47 Hussar
40:24 Hand Cart
40:53 Plate Barding Armor
40:34 Leather Archer Armor
40:15 Bodkin Arrow
40:28 Gold Mining
40:51 Heavy Plow
40:53 Murder Holes
41:09 Masonry
42:01 Chemistry
42:00 Ballistics
41:46 Paladin
43:50 Ring Archer Armor
43:37 Capped Ram
47:19 Elite Conquistador
50:17 Hoardings
49:51 Bracer
50:44 Architecture
52:53 Siege Ram
koshak131
2:01 Loom
11:51 Feudal Age
14:10 Stone Mining
16:49 Horse Collar
20:13 Castle Age
18:54 Gold Mining
26:31 Fletching
28:50 Wheelbarrow
35:10 Imperial Age
34:16 Hand Cart
35:34 Ballistics
37:41 Chemistry
36:37 Murder Holes
37:05 Conscription
36:43 Light Cavalry
37:34 Bloodlines
37:25 Husbandry
38:34 Double-Bit Axe
39:03 Hussar
40:55 Bow Saw
41:38 Forging
41:34 Scale Barding Armor
41:25 Bodkin Arrow
41:37 Padded Archer Armor
43:39 Iron Casting
43:27 Chain Barding Armor
44:14 Thumb Ring
45:12 Bracer
45:27 Leather Archer Armor
44:37 Elite Genoese Crossbowman
51:46 Ring Archer Armor
52:17 Blast Furnace
54:30 Plate Barding Armor
54:28 Silk Road
podkiva
9:57 Feudal Age
11:11 Horse Collar
11:20 Double-Bit Axe
14:54 Stone Mining
17:49 Wheelbarrow
20:30 Castle Age
18:38 Loom
19:27 Gold Mining
21:56 Bow Saw
25:15 Heavy Plow
29:18 Hand Cart
28:54 Town Watch
30:02 Gold Shaft Mining
31:13 Town Patrol
31:32 Scale Barding Armor
31:18 Fletching
33:28 Thumb Ring
33:39 Bloodlines
33:30 Husbandry
34:49 Stone Shaft Mining
35:34 Ballistics
35:26 Fortified Wall
35:28 Masonry
39:11 Imperial Age
38:53 Bodkin Arrow
39:20 Chain Barding Armor
39:01 Padded Archer Armor
39:12 Forging
39:21 Capped Ram
40:05 Bracer
39:29 Elite Mangudai
40:46 Hoardings
41:15 Siege Ram
43:10 Chemistry
44:01 Drill
45:12 Leather Archer Armor
45:33 Iron Casting
45:38 Conscription
46:40 Parthian Tactics
Connection lost

Rejoining the realm…

Still unreachable

The connection could not be restored.

Session expired

The server has moved on; the page needs a fresh start.